 Dungeon Crawl Stone Soup version 0.28-a0-384-g9e0c098162 (webtiles) character file.

Game seed: 11422677658747873180

69334 robertstho the Eclecticist (level 15, -2/106 HPs)
             Began as a Djinni Fire Elementalist on Sept 2, 2021.
             Was an Initiate of Gozag.
             Killed from afar by an ogre mage (19 damage)
             ... with a bolt of magma
             ... on level 2 of the Orcish Mines.
             The game lasted 00:52:48 (30594 turns).

robertstho the Eclecticist (DjFE)                  Turns: 30594, Time: 00:52:49

Health: -2/106     AC:  6    Str:  7    XL:     15   Next: 73%
Gold:   3764       EV: 18    Int: 21    God:    Gozag SH: 11 Dex: 16

rFire   + + .      SeeInvis +   f - +1 broad axe
rCold   x . .      Faith    .   c - +1 buckler {AC+3}
rNeg    + . .      Spirit   .   a - +0 robe
rPois   ∞          Reflect  +   t - +1 hat
rElec   +          Harm     .   O - scarf {+Inv}
rCorr   +          Rampage  .   (no gloves)
Will    .....                   (boots unavailable)
Stlth   +++.......              C - amulet of reflection
HPRegen 0.27/turn               v - +4 ring of evasion
MPRegen 0.00/turn               l - ring "Giungoca" {rElec rN+ Will- rCorr SInv}

@: marked, gold aura, flying, slightly contaminated
A: sickness immunity, fire resistance 2, cold vulnerability 1, float, innate
caster, hp casting, extra vitality 1
a: Renounce Religion, Evoke Invisibility, Potion Petition, Call Merchant, Bribe
Branch


You were on level 2 of the Orcish Mines.
You worshipped Gozag.
Gozag was most pleased with you.
You visited 4 branches of the dungeon, and saw 21 of its levels.
You also visited: Sewer.

You collected 5585 gold pieces.
You spent 1058 gold pieces at shops.
You paid 763 gold pieces to Gozag.

Inventory:

Hand Weapons
 f - a +1 broad axe (weapon)
Missiles
 b - 2 throwing nets
Armour
 a - a +0 robe (worn)
 c - a +1 buckler of protection (worn)
 t - a +1 hat (worn)
 O - a scarf of invisibility (worn)
Jewellery
 l - the ring "Giungoca" (right hand) {rElec rN+ Will- rCorr SInv}
   (You found it on level 4 of the Dungeon)

   [ring of resist corrosion]

   rElec:     It insulates you from electricity.
   rN:        It protects you from negative energy.
   SInv:      It lets you see invisible.
   rCorr:     It protects you from acid and corrosion.
   Will:      It decreases your willpower.
 o - a +4 ring of protection
 v - a +4 ring of evasion (left hand)
 x - a +6 ring of dexterity
 C - an amulet of reflection (around neck)
 D - a +6 ring of strength
 I - the ring of Xom's Best Wishes {rC+ Will+}
   (You bought it in a shop on level 11 of the Dungeon)

   [ring of willpower]

   rC:        It protects you from cold.
   Will:      It increases your willpower.
 L - a ring of see invisible
 N - an amulet of the acrobat
Wands
 B - a wand of flame (23)
 F - a wand of digging (3)
 M - a wand of acid (9)
Scrolls
 e - 8 scrolls of identify
 h - a scroll of summoning
 i - 6 scrolls of enchant armour
 j - 2 scrolls of brand weapon {unknown}
 k - 2 scrolls of immolation {unknown}
 n - 3 scrolls of enchant weapon
 p - a scroll of magic mapping
 q - a scroll of fear {unknown}
 s - 6 scrolls of teleportation
 y - 2 scrolls of vulnerability
 E - a scroll of holy word
 J - a scroll of fog {unknown}
Potions
 d - 5 potions of haste
 g - 3 potions of lignification
 m - 3 potions of invisibility
 r - 5 potions of might
 u - 2 potions of curing
 w - 2 potions of resistance {unknown}
 z - 3 potions of ambrosia
 A - 2 potions of mutation
 G - 2 potions of brilliance
 H - a potion of attraction


   Skills:
 * Level 9.5 Fighting
 + Level 0.4 Axes
 + Level 5.5 Dodging
 + Level 4.3 Stealth
 + Level 3.9 Shields
 * Level 17.4 Spellcasting


You had 6 spell levels left.
You knew the following spells:

 Your Spells              Type           Power      Damage    Failure   Level
a - Foxfire               Conj/Fire      100%       2x1d9     0%          1
b - Scorch                Fire           100%       2d10      0%          2
c - Conjure Flame         Conj/Fire      75%        6-21      0%          3
d - Inner Flame           Hex/Fire       75%        N/A       0%          3
e - Sticky Flame          Conj/Fire      75%        2d9       1%          4
f - Fireball              Conj/Fire      37%        3d15      1%          5
g - Animate Skeleton      Necr           100%       N/A       0%          1
h - Passwall              Tmut/Erth      62%        N/A       0%          2
i - Wereblood             Tmut           75%        N/A       0%          2
j - Airstrike             Air            37%        N/A       1%          4
k - Hailstorm             Conj/Ice       75%        3d15      1%          4
l - Summon Forest         Summ/Tloc      37%        N/A       1%          5
m - Invisibility          Hex            37%        N/A       1%          6
Your spell library was empty.

Dungeon Overview and Level Annotations

Branches:
Dungeon (12/15)            Temple (1/1) D:4            Lair (6/6) D:8
 Shoals (0/4) Lair:2        Snake (0/4) Lair:2        Slime (0/5) Lair:5
    Orc (2/2) D:9             Elf (0/3) Orc:2         Sewer (visited)

Altars:
Cheibriados
Dithmenos
Elyvilon
Fedhas
Gozag
Hepliaklqana
Kikubaaqudgha
Makhleb
Nemelex Xobeh
Okawaru
Qazlal
Sif Muna
Trog
Uskayaw
Vehumet
Wu Jian
Xom
Yredelemnul
The Shining One
Beogh

Shops:
D:6 !   D:10 =   D:11 *   Orc:1 :

Portals:
Ice
Cave: Orc:2

Annotations:
D:3 1 runed translucent door, Crazy Yiuf
D:11 1853 katana
Orc:1 Jorgrun, Josephine


Innate Abilities, Weirdness & Mutations

You are immune to sickness and miasma.
You are immune to poison.
Your flesh is very heat resistant. (rF++)
You are vulnerable to cold. (rC-)
You float through the air rather than walking.
You learn spells naturally, not from books.
Your magical power is your life essence.
You have superior vitality. (+4 HP)


Message History

The two-headed ogre is distracted by your dazzling golden aura.
The cyclops throws a large rock.
You reflect the large rock off an invisible shield around you!
The large rock hits the troll!!
You kill the troll!
Casting: Fireball (safe; 1% risk of failure)
Confirm with . or Enter, or press ? or * to list all spells.
Aiming: Fireball (safe; 1% risk of failure)
Press: ? - help, Shift-Dir - straight line The fireball explodes!
The fireball engulfs the ogre mage!!
The ogre mage is moderately wounded.
The fireball engulfs the ogre!
The ogre is heavily wounded.
The two-headed ogre shouts in stereo!
* * * LOW HITPOINT WARNING * * *
The two-headed ogre is no longer distracted by gold.
The orc warrior is no longer distracted by gold.
The two-headed ogre is distracted by your dazzling golden aura.
Unknown command.
Unknown command.
Casting: Fireball (safe; 1% risk of failure)
Confirm with . or Enter, or press ? or * to list all spells.
Aiming: Fireball (safe; 1% risk of failure)
Press: ? - help, Shift-Dir - straight line, f - orc warrior
Aim: an orc warrior, wielding a +0 mace and wearing a +0 plate armour The fireball explodes!
The fireball engulfs the ogre!!
You kill the ogre!
The fireball engulfs the ogre mage!!
The ogre mage is almost dead.
The fireball engulfs the orc warrior!
The orc warrior is heavily wounded.
The two-headed ogre shouts in stereo!
* * * LOW HITPOINT WARNING * * *
You flicker back into view.
The ogre is no longer distracted by gold.
The cyclops is no longer distracted by gold.
The ogre mage gestures at you while chanting.
The bolt of magma hits you!! You partially resist.
You die...
Your body crumbles into a pile of gold.

##..##...#.
*#.......... *##
#...........
#♣.###♣...$$...#o
*...*♣.$.$O......
*♣.##♣#$.$.....$.
##.$#.#..$♣....#.
##..$$$C..#.......
#@$..#....##......
#...$#.♣$.$.......
#...O$$$$.........
##..$.$#$$$)..<...
♣...o.#♣.........
♣#.#..C#....o....
♣#..O#OO♣......o
♣#.#O.......#..
♣♣♣♣..♣....#..


You could see a two-headed ogre, an ogre mage, 2 cyclopes, an orc warrior and 2
ogres.

Vanquished Creatures
  An orc warlord (Orc:2)
  A fire dragon (Lair:6)
  An ogre mage (Orc:2)
  7 hydras
  A boulder beetle (Lair:5)
  4 two-headed ogres
  2 death yaks
  Nergalle (Orc:1)
  3 skeletal warriors (D:11)
  2 deep trolls (Orc:2)
  An orc sorcerer (Orc:2)
  A cyclops (D:11)
  An ugly thing (D:11)
  7 elephants
  A gargoyle (D:11)
  11 black mambas
  5 torpor snails (Lair:6)
  11 cane toads
  An unseen horror (D:10)
  3 rime drakes
  10 komodo dragons
  7 hornets (Lair:6)
  7 trolls
  2 polar bears
  12 blink frogs
  A slime creature (Lair:2)
  3 tyrant leeches (Lair:6)
  5 dream sheep (Lair:3)
  41 yaks
  A wraith (D:12)
  2 wyverns
  A basilisk (D:8)
  A steam dragon (D:10)
  3 wargs
  5 vampire mosquitoes (D:10)
  3 nagas (Lair:2)
  15 water moccasins
  3 acid dragons
  9 orc warriors
  Purgy (Sewer)
  An ice beast (D:6)
  5 black bears
  2 sky beasts
  6 ogres
  A necrophage (D:6)
  7 wolves
  6 centaurs
  2 kobold brigands
  13 bullfrogs
  A two-headed ogre simulacrum (Orc:2)
  3 scorpions
  A wyvern zombie (D:7)
  2 elephant simulacra (Orc:2)
  7 wights
  A howler monkey (D:7)
  An electric eel (Lair:1)
  4 centaur zombies
  8 jellies
  A bullfrog zombie (D:5)
  A gnoll shaman (D:7)
  5 hounds
  11 orc priests
  2 bullfrog skeletons (D:6)
  A centaur skeleton (D:7)
  An iguana (D:5)
  14 orc wizards
  5 hell rats (Lair:1)
  A killer bee zombie (D:5)
  A wolf simulacrum (Orc:2)
  A hound zombie (D:5)
  Robin (D:4)
  2 hound skeletons (D:4)
  2 howler monkey zombies
  12 gnolls
  5 adders
  A shadow imp (D:7)
  2 white imps
  A worm (D:3)
  2 dart slugs
  40 orcs
  7 bats
  14 endoplasms
  7 giant cockroaches
  19 goblins
  5 hobgoblins
  4 quokkas
  8 ball pythons
  7 frilled lizards
  14 kobolds
  4 rats
  A spectral kobold (D:1)
  2 bushes
472 creatures vanquished.

Vanquished Creatures (collateral kills)
  Snorg (Lair:5)
  A catoblepas (Lair:6)
  3 two-headed ogres (Orc:2)
  5 death yaks (Lair:6)
  2 lindwurms (Lair:6)
  2 orc knights (Orc:2)
  4 elephants
  A black mamba (Lair:6)
  2 cane toads (Lair:5)
  A torpor snail (Lair:6)
  2 komodo dragons
  A rime drake (Lair:6)
  4 trolls (Orc:2)
  A tyrant leech (Lair:6)
  2 blink frogs (Lair:6)
  3 yaks
  2 wargs (Orc:2)
  A water moccasin (Lair:6)
  4 orc warriors (Orc:2)
  7 ogres (Orc:2)
  A bullfrog (Lair:5)
  7 orc priests (Orc:2)
  4 orc wizards (Orc:2)
  A spriggan simulacrum (Orc:2)
  A polar bear simulacrum (Orc:2)
  2 gnolls (Orc:2)
  2 naga simulacra (Orc:2)
  13 orcs (Orc:2)
  2 bushes
82 creatures vanquished.

Vanquished Creatures (others)
  A wraith (Orc:1)
  396 foxfires
  63 fungi
  101 plants
  7 snaplasher vines
568 creatures vanquished.

Grand Total: 1122 creatures vanquished

Notes
Turn   | Place    | Note
-------+----------+-------------------------------------------
     0 | D:1      | robertstho the Djinni Fire Elementalist began the quest for
                  | the Orb.
     0 | D:1      | Reached XP level 1. HP: 15/15 MP: 0/0
   259 | D:1      | Reached XP level 2. HP: 20/21 MP: 0/0
   570 | D:1      | Reached skill level 3 in Spellcasting
   701 | D:1      | Reached XP level 3. HP: 23/26 MP: 0/0
   701 | D:1      | Learned a level 1 spell: Animate Skeleton
   949 | D:1      | Found a faded altar of an unknown god.
  1960 | D:3      | Reached skill level 1 in Fighting
  2125 | D:3      | Found a runed translucent door.
  2126 | D:3      | Noticed Crazy Yiuf
  2265 | D:3      | Reached XP level 4. HP: 22/32 MP: 0/0
  2399 | D:3      | Found a stormy altar of Qazlal.
  2675 | D:3      | You are sucked into a shaft and drop 1 floor!
  2675 | D:4      | Noticed a scorpion
  2682 | D:4      | Killed a scorpion
  2683 | D:4      | Reached XP level 5. HP: 17/38 MP: 0/0
  2683 | D:4      | Learned a level 2 spell: Passwall
  2694 | D:4      | Identified the ring of Law {Fly Str+3}
  3002 | D:4      | Found a staircase to the Ecumenical Temple.
  3005 | D:4      | Reached skill level 4 in Spellcasting
  3024 | Temple   | Entered the Ecumenical Temple
  3054 | Temple   | Became a worshipper of Gozag Ym Sagoz the Greedy
  3126 | D:4      | Found a glowing drain.
  3133 | D:4      | Identified the ring "Giungoca" {rElec rN+ Will- rCorr SInv}
  3147 | Sewer    | Entered a sewer
  3515 | Sewer    | Noticed Purgy
  3520 | Sewer    | Killed Purgy
  3521 | Sewer    | Reached XP level 6. HP: 38/43 MP: 0/0
  3715 | D:4      | Noticed Robin
  3725 | D:4      | Killed Robin
  3862 | D:4      | Noticed a black bear
  3871 | D:4      | Killed a black bear
  3872 | D:4      | Reached skill level 5 in Spellcasting
  3872 | D:4      | Reached XP level 7. HP: 38/49 MP: 0/0
  3872 | D:4      | Learned a level 2 spell: Wereblood
  4490 | D:5      | Entered Level 5 of the Dungeon
  4757 | D:5      | Found a bloodstained altar of Trog.
  4979 | D:5      | Reached skill level 6 in Spellcasting
  5109 | D:5      | Reached XP level 8. HP: 51/55 MP: 0/0
  6513 | D:6      | Reached skill level 1 in Shields
  6583 | D:6      | Reached skill level 7 in Spellcasting
  6735 | D:6      | Reached XP level 9. HP: 57/62 MP: 0/0
  6735 | D:6      | Learned a level 4 spell: Airstrike
  7365 | D:6      | Reached skill level 8 in Spellcasting
  7458 | D:6      | Found Bopuuch's Distillery.
  7675 | D:6      | Bought a potion of ambrosia for 112 gold pieces
  7675 | D:6      | Bought a potion of degeneration for 14 gold pieces
  7675 | D:6      | Bought a potion of magic for 112 gold pieces
  7675 | D:6      | Bought a potion of heal wounds for 70 gold pieces
  7675 | D:6      | Bought a potion of might for 56 gold pieces
  7675 | D:6      | Bought a potion of heal wounds for 70 gold pieces
  7675 | D:6      | Bought a potion of lignification for 42 gold pieces
  8242 | D:7      | Found an ornate altar of the Wu Jian Council.
  8975 | D:7      | Found a burning altar of Makhleb.
  9241 | D:8      | Reached skill level 9 in Spellcasting
  9682 | D:8      | Found a shadowy altar of Dithmenos.
  9724 | D:8      | Reached XP level 10. HP: 46/69 MP: 0/0
  9946 | D:8      | Found a staircase to the Lair.
 10271 | D:8      | Reached skill level 10 in Spellcasting
 10414 | D:8      | You are sucked into a shaft and drop 1 floor!
 10417 | D:9      | Found a staircase to the Orcish Mines.
 10442 | D:8      | Reached skill level 5 in Fighting
 10662 | D:9      | Found a snail-covered altar of Cheibriados.
 11130 | D:9      | Reached skill level 11 in Spellcasting
 11133 | D:9      | Reached XP level 11. HP: 28/75 MP: 0/0
 11133 | D:9      | Learned a level 4 spell: Hailstorm
 11869 | D:9      | Found a hazy altar of Hepliaklqana.
 11944 | D:9      | Found a basalt altar of Yredelemnul.
 12680 | D:10     | Entered Level 10 of the Dungeon
 12915 | D:10     | Found Teuch's Jewellery Emporium.
 12918 | D:10     | Bought an amulet of reflection for 330 gold pieces
 13517 | D:10     | Reached skill level 12 in Spellcasting
 13768 | D:10     | Found a hide-covered altar of Uskayaw.
 13768 | D:10     | Noticed a +0 hand axe
 13768 | D:10     | Noticed a +0 hand axe
 13768 | D:10     | Noticed a two-headed ogre
 13774 | D:10     | Killed a two-headed ogre
 14100 | D:11     | Noticed a cyclops
 14104 | D:11     | Killed a cyclops
 14754 | D:11     | Noticed a purple ugly thing
 14759 | D:11     | Killed a purple ugly thing
 14760 | D:11     | Reached XP level 12. HP: 65/83 MP: 0/0
 14863 | D:11     | Noticed a skeletal warrior
 14864 | D:11     | Noticed a skeletal warrior
 14864 | D:11     | Noticed a skeletal warrior
 14875 | D:11     | Killed a skeletal warrior
 14892 | D:11     | Killed a skeletal warrior
 15290 | D:11     | Reached skill level 13 in Spellcasting
 15498 | D:11     | Killed a skeletal warrior
 15925 | D:12     | Found a blossoming altar of Fedhas.
 15925 | D:12     | Noticed a two-headed ogre
 15928 | D:12     | Killed a two-headed ogre
 16086 | D:12     | Noticed a boulder beetle
 16095 | D:11     | Bought a scroll of teleportation for 84 gold pieces
 16095 | D:11     | Bought a bound golden ring for 140 gold pieces
 16095 | D:11     | Identified the ring of Xom's Best Wishes {rC+ Will+} (You
                  | bought it in a shop on level 11 of the Dungeon)
 16095 | D:11     | Bought a scroll labelled PONNEDE KAREA for 28 gold pieces
 16167 | Lair:1   | Entered Level 1 of the Lair of Beasts
 16438 | Lair:1   | Noticed a five-headed hydra
 16441 | Lair:1   | Killed a five-headed hydra
 17119 | Lair:1   | Noticed a six-headed hydra
 17142 | Lair:1   | Killed a six-headed hydra
 18146 | Lair:2   | Reached skill level 14 in Spellcasting
 18146 | Lair:2   | Reached XP level 13. HP: 16/89 MP: 0/0
 18146 | Lair:2   | Learned a level 5 spell: Summon Forest
 18631 | Lair:2   | Found a staircase to the Snake Pit.
 19018 | Lair:2   | Found a staircase to the Shoals.
 21634 | Lair:5   | Noticed a boulder beetle
 21640 | Lair:5   | Killed a boulder beetle
 22128 | Lair:3   | Noticed an eight-headed hydra
 22135 | Lair:3   | Killed an eight-headed hydra
 22136 | Lair:3   | Reached skill level 15 in Spellcasting
 24207 | Lair:4   | Reached XP level 14. HP: 34/97 MP: 0/0
 25032 | Lair:5   | Noticed Snorg
 25440 | Lair:5   | Killed Snorg
 25606 | Lair:5   | Found a staircase to the Slime Pits.
 26188 | Lair:6   | Entered Level 6 of the Lair of Beasts
 26200 | Lair:6   | Reached skill level 16 in Spellcasting
 26234 | Lair:6   | Reached skill level 5 in Dodging
 26770 | Lair:6   | Found a runed translucent door.
 27505 | Lair:6   | Reached XP level 15. HP: 88/104 MP: 0/0
 27505 | Lair:6   | Learned a level 6 spell: Invisibility
 29429 | Orc:1    | Entered Level 1 of the Orcish Mines
 29429 | Orc:1    | Noticed Jorgrun
 29429 | Orc:1    | Noticed Josephine
 29442 | Orc:1    | Noticed Nergalle
 29449 | Orc:1    | Killed Nergalle
 29753 | Orc:1    | Found Fesifesk's Book Boutique.
 30120 | Orc:2    | Entered Level 2 of the Orcish Mines
 30120 | Orc:2    | Found a frozen archway.
 30131 | Orc:2    | Noticed an orc warlord
 30135 | Orc:2    | Reached skill level 17 in Spellcasting
 30140 | Orc:2    | Killed an orc warlord
 30594 | Orc:2    | Killed from afar by an ogre mage

Illustrated notes

Levels and vault maps discovered:
D:1:      dpeg_arrival_arbitrary_c, layout_rooms,
          dreamdust_ecumenical_altar_drowned_temple, minmay_crystal_room,
          st_stairs_8
D:2:      layout_basic
D:3:      layout_basic, mainiacjoe_overflow_24_doors, uniq_crazy_yiuf_cottage
D:4:      layout_basic, temple_statues, gup_sewer_entry_pipe,
          hangedman_abyss_or_decor_lesser_grid, uniq_robin
D:5:      minmay_inner_zag, layout_rooms, trog_hazing_becter,
          old_standard_altar, minmay_lizard_king
D:6:      kennysheep_six_static_rooms, layout_basic, serial_shops,
          nicolae_shop_statue_plus, kb_lookout_dungeons_type,
          chequers_serial_rivers_small_b
D:7:      layout_loops_corners, nzn_wu_jian_contemplation,
          nicolae_overflow_crystal_walls, kennysheep_cross_room,
          kennysheep_doodads, corner_web_ring
D:8:      layout_cave_pools, mainiacjoe_overflow_small_starburst,
          david_lair_generic, guppyfry_early_elven_hall
D:9:      layout_roguey, mainiacjoe_overflow_alcove_1,
          mainiacjoe_overflow_tiny_flanked, gammafunk_temple_overflow_statue,
          mainiacjoe_overflow_catwalk, minmay_orc_entry_temple_small
D:10:     layout_roguey, dancing_weapons_uskayaw, serial_shops, kennysheep_mini,
          minmay_misc_feat_tiny
D:11:     layout_cave_pools
D:12:     layout_long_grid, fedhas_altar_3
Temple:   jpeg_temple_alley_garden
Lair:1:   layout_small_grid, serial_bayou_shore_a
Lair:2:   lemuel_slime, layout_cave_pods, elwin_shoals_entry_rooms,
          minmay_snake_entry_guardpost_small, nicolae_quartered_pool_medium,
          st_stairs_9, minivault_23, chequers_serial_rivers_room_b,
          minmay_holes, chequers_serial_rivers_large_a
Lair:3:   layout_small_grid, minivault_24, minivault_23,
          minmay_stone_trees_small, minivault_25
Lair:4:   layout_regular_city, grunt_megastairs_2
Lair:5:   layout_big_grid, slime_dummy, minmay_shattered_shrine, uniq_snorg
Lair:6:   wormcave, layout_cave_pods, grunt_megastairs_3, lemuel_fruit_tree,
          serial_bayou_shore_b
Orc:1:    layout_caves, serial_shops, shop_statue, uniq_jorgrun, uniq_nergalle,
          uniq_josephine
Orc:2:    st_orc_open, layout_caves, gauntlet_entry_generic,
          portal_ice_cave_entry_ice_simulacra

Skill      XL: |  1  2  3  4  5  6  7  8  9 10 11 12 13 14 15 |
---------------+----------------------------------------------+-----
Spellcasting   | 3 4 5 6 7 9 11 12 14 15 16 17 | 17.4
Fighting       | 1 2 3 4 5 6 7 8 9 |  9.5
Stealth        | 2 3 4 |  4.3
Shields        | 1 2 3 |  3.9
Dodging        | 3 5 |  5.5
Axes           | |  0.4

Action                   |  1- 3 |  4- 6 |  7- 9 | 10-12 | 13-15 || total
-------------------------+-------+-------+-------+-------+-------++-------
Melee: Broad axe         |       |       |       |     2 |     4 ||     6
 Cast: Foxfire           |    91 |    90 |    49 |     1 |     4 ||   235
       Scorch            |     2 |     8 |   177 |    33 |    40 ||   260
       Sticky Flame      |       |       |     1 |    25 |    65 ||    91
       Airstrike         |       |       |     1 |       |     8 ||     9
       Fireball          |       |       |       |   165 |   215 ||   380
       Inner Flame       |       |       |       |     1 |     2 ||     3
       Hailstorm         |       |       |       |     2 |       ||     2
       Summon Forest     |       |       |       |       |    26 ||    26
       Invisibility      |       |       |       |       |     4 ||     4
Invok: Call Merchant     |       |       |       |     1 |       ||     1
  Use: Scroll            |       |     5 |     4 |    11 |     8 ||    28
       Potion            |       |       |     2 |     1 |    17 ||    20
Armor: Robe              |     1 |     4 |     8 |    10 |    28 ||    51
Dodge: Dodged            |     3 |     6 |    54 |    49 |   118 ||   230
Block: Buckler           |       |     1 |    21 |    23 |    85 ||   130
       Reflection        |       |       |       |     1 |     2 ||     3

Table legend: (Time is in decaauts)
 A = Elapsed time spent in this place.
 B = Non-inter-level travel time spent in this place.
 C = Inter-level travel time spent in this place.
 D = Time resting spent in this place.
 E = Time spent auto-exploring this place.
 F = Levels seen in this place.
 G = Mean time per level.
                   A        B        C        D        E       F      G
               +--------+--------+--------+--------+--------+-----+--------+
         Total |  30637 |  29771 |    866 |   3005 |  23771 |  22 | 1392.6 |
       Dungeon |  15627 |  15146 |    481 |   1565 |  12096 |  12 | 1302.2 |
        Temple |     59 |     30 |     29 |      0 |      0 |   1 |   59.0 |
          Lair |  13253 |  12915 |    338 |    834 |  10869 |   6 | 2208.8 |
  Orcish Mines |   1177 |   1160 |     17 |    606 |    347 |   2 |  588.5 |
         Sewer |    518 |    518 |      0 |      0 |    459 |   1 |  518.0 |
               +--------+--------+--------+--------+--------+-----+--------+

Top non-repeatable levels by time:
  Lair:6: 3135 daAuts
  Lair:4: 2640 daAuts
  Lair:5: 2267 daAuts
  Lair:2: 2019 daAuts
    D:10: 1930 daAuts
     D:6: 1873 daAuts
  Lair:1: 1675 daAuts
     D:9: 1668 daAuts
     D:8: 1650 daAuts
     D:5: 1612 daAuts
  Lair:3: 1515 daAuts
     D:7: 1460 daAuts
    D:11: 1250 daAuts
     D:4: 1235 daAuts
     D:1: 1177 daAuts
